Map: [ESL] Royal Blood

Players

Lambo - Winner!

  • Race: Zerg Zerg
  • Spawn Location: 7:00

Bunny

  • Race: Terran Terran
  • Spawn Location: 1:00

Event: ESL SC2 Masters 2023 Summer (Finals)

VOD

Have the link to the VOD?

Description

Time

  • Played on: June 17, 2023, 10:51 a.m.
  • Length: 4:42

All games in this series

Show
View Real Time Build Order
Export as new Build Order

Lambo Zerg - Winner!

Build Orders: Hatch First, Zergling Baneling 

Get SALT Encoding   

  12  0:00  Drone  
  13  0:12  Overlord  
  13  0:16  Drone  
  14  0:30  Drone x2  
  16  0:47  Hatchery  
  15  0:50  Drone  
  15  0:54  Drone  
  15  0:57  Drone  
  18  1:07  Extractor  
  17  1:12  Spawning Pool  
  17  1:15  Drone  
  18  1:18  Drone  
  18  1:27  Drone  
  19  1:38  Drone  
  20  1:48  Drone  
  21  2:00  Queen x2  
  27  2:01  Zergling x4  
  27  2:10  Drone, Overlord  
  27  2:12  Metabolic Boost  
  28  2:27  Hatchery  
  27  2:30  Drone  
  27  2:34  Drone  
  29  2:40  Spore Crawler  
  29  2:47  Baneling Nest  
  29  2:48  Overlord  
  29  2:49  Zergling x2  
  29  2:52  Zergling x2  
  29  2:55  Zergling x2  
  31  3:00  Zergling x4  
  33  3:07  Zergling x4  
  33  3:11  Zergling x4  
  37  3:16  Zergling x4  
  40  3:20  Zergling x2  
  40  3:23  Zergling x6  
  44  3:30  Overlord  
  44  3:35  Baneling x6  
  44  3:39  Overlord  
  44  3:42  Extractor  
  44  3:43  Extractor  
  44  3:44  Zergling x4  
  46  3:50  Zergling x2  
  46  3:51  Zergling x6  
  46  3:53  Zergling x2  
  48  3:55  Zergling x2  
  48  4:01  Zergling x2  
  45  4:05  Zergling x2  
  45  4:06  Baneling x2  
  45  4:09  Zergling x2  
  46  4:15  Zergling x2  
Show
View Real Time Build Order
Export as new Build Order

Bunny Terran 

Build Orders: Reaper Expand 

Get SALT Encoding   

  12  0:00  SCV  
  13  0:12  SCV  
  14  0:17  Supply Depot  
  14  0:24  SCV  
  15  0:38  SCV  
  15  0:40  Barracks  
  15  0:42  Refinery  
  16  0:50  SCV  
  17  1:03  SCV  
  18  1:15  SCV  
  19  1:26  Reaper  
  19  1:27  Orbital Command  
  20  1:38  Command Center  
  20  1:46  Supply Depot  
  20  1:53  SCV  
  21  1:58  Barracks Reactor  
  21  2:05  SCV  
  22  2:16  Command Center  
  22  2:17  SCV  
  24  2:30  Barracks, SCV  
  24  2:34  Marine  
  24  2:36  Marine  
  26  2:42  SCV  
  26  2:46  Barracks  
  26  2:52  Orbital Command  
  26  2:55  SCV  
  26  2:56  Marine  
  28  3:00  Marine  
  29  3:08  SCV  
  30  3:14  Marine  
  30  3:17  Barracks Tech Lab  
  30  3:18  SCV, Marine  
  33  3:20  SCV  
  34  3:28  Orbital Command  
  34  3:30  SCV  
  34  3:32  Marine, SCV  
  37  3:34  Barracks Tech Lab  
  37  3:35  Marine  
  37  3:36  Marine  
  39  3:42  SCV  
  39  3:44  SCV  
  39  3:46  Supply Depot  
  40  3:53  Marine  
  40  3:54  Marine x2  
  40  3:57  Marine  
  21  4:11  Marine x2  
  21  4:15  Marine  
  15  4:20  Marine  
Tags
 
Add a new tag
Caveats
  • Supply blocks, unpowered buildings, or Contaminate may cause inaccurate times.
  • Supply counts are checked every 10 seconds.